 Dungeon Crawl Stone Soup version 0.28-a0-909-g796cbd3a86 (webtiles) character file.

Game seed: 8614462165613134679

114 john333 the Shooter (level 4, -10/38 HPs)
             Began as a Minotaur Hunter on Nov 25, 2021.
             Was an Initiate of Sif Muna.
             Mangled by a small abomination (15 damage)
             ... created by the touch of Lugonu
             ... on level 3 of the Dungeon.
             The game lasted 00:30:14 (2867 turns).

john333 the Shooter (Minotaur Hunter)               Turns: 2867, Time: 00:30:14

Health: -10/38     AC:  6    Str: 17    XL:     4   Next: 66%
Magic:  3/3        EV: 11    Int:  8    God:    Sif Muna [......]
Gold:   77         SH:  0    Dex: 11    Spells: 3/3 levels left

rFire   x . .      SeeInvis .   a - +1 shortbow
rCold   + . .      Faith    .   (shield currently unavailable)
rNeg    + . .      Spirit   .   h - +0 ring mail
rPois   .          Reflect  .   (helmet unavailable)
rElec   .          Harm     .   (no cloak)
rCorr   .          Rampage  .   C - +0 pair of gloves
Will    .....                   (no boots)
Stlth   +.........              (no amulet)
HPRegen 0.12/turn               k - ring of ice
MPRegen 0.08/turn               s - ring of positive energy

@: no status effects
A: horns 3, retaliatory headbutt
a: Renounce Religion


You were on level 3 of the Dungeon.
You worshipped Sif Muna.
Sif Muna was noncommittal.
You visited 1 branch of the dungeon, and saw 3 of its levels.

You collected 77 gold pieces.

Inventory:

Hand Weapons
 a - a +1 shortbow (weapon)
 b - a +0 short sword
 g - a +4 whip
 o - a +0 club
 p - a +0 whip
 r - a +0 dagger
 t - a +0 short sword
 u - a +0 spear
 x - a +0 dagger
 z - a +0 club
 E - a +0 club
 F - a +0 hunting sling
 K - a +0 hand axe
 L - a +0 mace
 M - a +0 dagger
 P - a +0 hunting sling
 Q - a +0 dagger
Missiles
 d - 37 arrows (quivered ammo)
 i - 134 stones
 w - 15 poisoned darts
 G - 39 bolts
 U - 19 sling bullets
Armour
 c - a +0 leather armour
 e - a +0 barding
 h - a +0 ring mail (worn)
 y - a +0 ring mail
 C - a +0 pair of gloves (worn)
 H - a +0 ring mail
 J - a +0 ring mail
 N - a +0 robe
 O - a +0 ring mail
 R - a +0 ring mail
 Y - a +0 animal skin
 Z - a +0 helmet
Jewellery
 k - a ring of ice (left hand)
 s - a ring of positive energy (right hand)
Scrolls
 f - a scroll of fog {unknown}
 j - a scroll of silence {unknown}
 m - a scroll of teleportation {unknown}
 q - a scroll of fear {unknown}
 v - 2 scrolls of enchant armour {unknown}
 A - a scroll of identify {unknown}
 B - a scroll of blinking {unknown}
 I - 2 scrolls of amnesia {unknown}
Potions
 n - a potion of brilliance {unknown}
 D - a potion of degeneration {unknown}
 S - a potion of haste {unknown}
 T - 2 potions of curing {unknown}


   Skills:
 + Level 3.0 Fighting
 * Level 6.1 Bows
 + Level 0.4 Armour
 + Level 2.4 Dodging
 + Level 1.3 Stealth


You had 3 spell levels left.
You didn't know any spells.
Your spell library contained the following spells:

 Spells                   Type           Power      Damage    Failure   Level
 Sublimation of Blood     Necr           0%         N/A       77%         2
 Wereblood                Tmut           0%         N/A       77%         2
 Portal Projectile        Hex/Tloc       0%         N/A       94%         3
 Blade Hands              Tmut           0%         N/A       100%        5
 Excruciating Wounds      Necr           0%         N/A       100%        5
 Summon Hydra             Summ           0%         N/A       100%        7


Dungeon Overview and Level Annotations

Branches:
Dungeon (3/15)

Altars:
Sif Muna
Lugonu


Innate Abilities, Weirdness & Mutations

You have a pair of large horns on your head.
You reflexively headbutt those who attack you in melee.


Message History

Press: ? - help, Q - select action, (/) - cycle Dir - look around, f - activate You shoot an arrow.
Non-targeted confused fire: 43 arrows
Press: ? - help, Q - select action, (/) - cycle Dir - look around, f - activate Look: a small abomination (durably summoned)
You shoot an arrow.
You are too confused!
Non-targeted confused fire: 42 arrows
Press: ? - help, Q - select action, (/) - cycle Dir - look around, f - activate Look: a small abomination (durably summoned)
You shoot an arrow. The arrow hits the small abomination.
The small abomination is lightly damaged.
The small abomination closely misses you.
Non-targeted confused fire: 41 arrows
Press: ? - help, Q - select action, (/) - cycle Dir - look around, f - activate Look: a small abomination (lightly damaged, durably summoned)
You shoot an arrow.
The small abomination hits you but does no damage.
Non-targeted confused fire: 40 arrows
Press: ? - help, Q - select action, (/) - cycle Dir - look around, f - activate Look: a small abomination (lightly damaged, durably summoned)
You shoot an arrow. The small abomination hits you.
Non-targeted confused fire: 39 arrows
Press: ? - help, Q - select action, (/) - cycle Dir - look around, f - activate Look: a small abomination (lightly damaged, durably summoned)
You shoot an arrow.
You feel less confused. The small abomination hits you!
You shoot an arrow.
The arrow hits the small abomination but does no damage.
The small abomination is lightly damaged.
The small abomination hits you! The small abomination hits you!
* * * LOW HITPOINT WARNING * * *
Found a fuming green potion.
It was a potion of mutation.
You feel extremely strange. The horns on your head grow some more.
The small abomination hits you!
You die...

#.# #..#..# #.☼§_....#
####.# #.#..#
#.≈≈≈≈≈..# ####....#
#....# #.≈☼○≈≈..#
......†## ##...#
#........# ..##.#.#
#####...# #..####..#
#.#..#)####.)...>.# #..
..##
#.#.##.††)........# ###
.###
#.#.##.)###(###########
. #.#.##..# #(#
#.@.!...# # #.#.##..#
#.###x#####.# #.#.....#
#(....# #.#####.#
####### #.......#
######### #


You could see a small abomination.

Vanquished Creatures
  Jessica (D:3)
  Robin (D:3)
  3 adders
  An orc (D:3)
  A bat (D:3)
  5 endoplasms
  A giant cockroach (D:2)
  4 hobgoblins
  4 kobolds (D:1)
  3 quokkas
  3 ball pythons
  3 frilled lizards
  11 goblins
  4 rats
45 creatures vanquished.

Vanquished Creatures (others)
  4 toadstools (D:1)
4 creatures vanquished.

Grand Total: 49 creatures vanquished

Notes
Turn   | Place    | Note
-------+----------+-------------------------------------------
     0 | D:1      | john333 the Minotaur Hunter began the quest for the Orb.
     0 | D:1      | Reached XP level 1. HP: 18/18 MP: 0/0
   445 | D:1      | Reached XP level 2. HP: 25/25 MP: 1/1
  1074 | D:2      | Reached skill level 5 in Bows
  1214 | D:2      | Found a faded altar of an unknown god.
  1227 | D:2      | Prayed at the altar of an unknown god.
  1227 | D:2      | Became a worshipper of Lugonu the Unformed
  1227 | D:2      | Reached * piety under Lugonu
  1227 | D:2      | Reached ** piety under Lugonu
  1371 | D:2      | Reached XP level 3. HP: 22/30 MP: 2/2
  2282 | D:3      | Noticed Jessica
  2286 | D:3      | Killed Jessica
  2287 | D:3      | Reached skill level 1 in Stealth
  2287 | D:3      | Reached XP level 4. HP: 37/37 MP: 3/3
  2647 | D:3      | Found a shimmering blue altar of Sif Muna.
  2698 | D:3      | Fell from the grace of Lugonu
  2698 | D:3      | Became a worshipper of Sif Muna the Loreminder
  2747 | D:3      | Reached skill level 6 in Bows
  2747 | D:3      | Noticed Robin
  2755 | D:3      | Killed Robin
  2854 | D:3      | Noticed a small abomination
  2867 | D:3      | Gained mutation: You have a pair of large horns on your
                  | head. [potion of mutation]
  2867 | D:3      | Mangled by a small abomination

Illustrated notes

Levels and vault maps discovered:
D:1:      ldierk_walled_garden_2, layout_basic
D:2:      layout_loops_ring, nicolae_ecumenical_lake_church
D:3:      layout_basic, nicolae_sif_muna_condensation, minmay_ogre_servants,
          uniq_jessica, uniq_robin

Skill      XL: |  1  2  3  4 |
---------------+-------------+-----
Bows           | 5 6 |  6.1
Stealth        | 1 |  1.3
Fighting       | 3 |  3.0
Armour         | |  0.4
Dodging        | |  2.4

Action                   |  1- 3 |  4- 6 || total
-------------------------+-------+-------++-------
Melee: Shortbow          |     7 |       ||     7
       Headbutt          |     3 |       ||     3
 Fire: Shortbow          |    64 |    44 ||   108
Invok: Bend Space        |     1 |       ||     1
  Use: Potion            |       |     1 ||     1
 Stab: Sleeping          |     1 |       ||     1
Armor: Leather armour    |     4 |     2 ||     6
       Ring mail         |       |     1 ||     1
Dodge: Dodged            |    12 |     7 ||    19

Table legend: (Time is in decaauts)
 A = Elapsed time spent in this place.
 B = Non-inter-level travel time spent in this place.
 C = Inter-level travel time spent in this place.
 D = Time resting spent in this place.
 E = Time spent auto-exploring this place.
 F = Levels seen in this place.
 G = Mean time per level.
                   A        B        C        D        E       F      G
               +--------+--------+--------+--------+--------+-----+--------+
         Total |   2878 |   1196 |   1682 |    114 |    549 |   3 |  959.3 |
       Dungeon |   2878 |   1196 |   1682 |    114 |    549 |   3 |  959.3 |
               +--------+--------+--------+--------+--------+-----+--------+

Top non-repeatable levels by time:
     D:2: 1219 daAuts
     D:1: 925 daAuts
     D:3: 733 daAuts
